 Dungeon Crawl Stone Soup version 0.25-a0-435-g4b9beb1024 (webtiles) character file.

Game seed: 12286245663175919314, levelgen mode: deterministic

133 Laukis the Insei (level 4, -1/35 HPs)
             Began as a Draconian Transmuter on Jan 26, 2020.
             Slain by a scorpion (6 damage)
             ... on level 4 of the Dungeon.
             The game lasted 00:03:41 (2486 turns).

Laukis the Insei (Draconian Transmuter)             Turns: 2486, Time: 00:03:42

Health: -1/35      AC:  5    Str: 12    XL:     4   Next: 93%
Magic:  8/8        EV: 12    Int: 14    God:
Gold:   118        SH:  0    Dex: 12    Spells: 8/9 levels left

rFire    . . .     SeeInvis .     - Unarmed
rCold    . . .     Gourm    .   (no shield)
rNeg     . . .     Faith    .   (armour unavailable)
rPois    .         Spirit   .   (helmet restricted)
rElec    .         Reflect  .   (no cloak)
rCorr    .         Harm     .   (no gloves)
MR       .....                  (no boots)
Stlth    +.........             (no amulet)
HPRegen  0.11/turn              (no ring)
MPRegen  0.11/turn              (no ring)

@: lethally poisoned (-1 -> -17)
A: unfitting armour, cold-blooded, AC +5
a: no special abilities


You were on level 4 of the Dungeon.
You were not hungry.

You visited 1 branch of the dungeon, and saw 4 of its levels.

You collected 118 gold pieces.

Inventory:

Missiles
 a - 90 arrows
Scrolls
 b - 3 scrolls of identify {unknown}
 h - a scroll of remove curse {unknown}
 j - 2 scrolls of enchant armour {unknown}
 l - 3 scrolls of teleportation {unknown}
Potions
 d - a potion of agility {unknown}
 e - a potion of invisibility {unknown}
 g - 2 potions of curing {unknown}
 i - a potion of degeneration {unknown}
 k - a potion of lignification {unknown}
 m - a potion of brilliance {unknown}
 n - a potion of might {unknown}
 o - a potion of resistance {unknown}
 p - a potion of haste {unknown}
 q - a potion of magic {unknown}
Comestibles
 c - 8 rations


   Skills:
 - Level 1.1 Fighting
 - Level 1.7 Dodging
 + Level 4.0 Unarmed Combat
 + Level 3.2 Spellcasting
 + Level 3.3 Transmutations


You had 8 spell levels left.
You knew the following spells:

 Your Spells              Type           Power        Failure   Level  Hunger
a - Beastly Appendage     Tmut           ##....       5%          1    #......

Your spell library contained the following spells:

 Spells                   Type           Power        Failure   Level  Hunger
 Sticks to Snakes         Tmut           ##......     8%          2    ##.....
 Spider Form              Tmut/Pois      #.........   32%         3    ###....
 Ice Form                 Ice/Tmut       #.......     71%         4    #####..
 Blade Hands              Tmut           ##........   82%         5    ######.


Dungeon Overview and Level Annotations

Branches:
Dungeon (4/15)
 Temple: D:4-7

Altars:


Innate Abilities, Weirdness & Mutations

Your plain brown scales are hard. (AC +5)
You cannot fit into any form of body armour.
You are cold-blooded and may be slowed by cold attacks.


Message History

You kill the jackal!
You feel sick. The scorpion barely misses you. The jackal bites you.
You hit the scorpion.
The scorpion is lightly wounded.
The scorpion stings you!
You are lethally poisoned!
The scorpion poisons you! The jackal misses you.
You barely miss the scorpion.
The scorpion is lightly wounded.
* * * LOW HITPOINT WARNING * * *
You feel sick. The jackal closely misses you. The scorpion stings you.
* * * LOW HITPOINT WARNING * * *
You hit the scorpion but do no damage.
You tail-slap the scorpion, but do no damage.
The scorpion is lightly wounded.
* * * LOW HITPOINT WARNING * * *
You feel sick.
The jackal bites you but does no damage.
The scorpion stings you.
You die...

#### #... ...
#.###
####.#...####.#...
........hh@s......
####..[.h####.....
.........# ...
)....?...# .
.........#
........h#
.........#
.%.......#


You could see a scorpion and 3 jackals.

Vanquished Creatures
  A killer bee zombie (D:2)
  A hound skeleton (D:4)
  3 adders (D:2)
  An ooze (D:2)
  A worm (D:3)
  2 dart slugs
  A leopard gecko (D:1)
  An orc (D:4)
  10 bats
  2 giant cockroaches
  9 goblins
  5 hobgoblins
  A jackal (D:4)
  A quokka (D:2)
  A ball python (D:2)
  4 frilled lizards
  13 kobolds
  4 rats
61 creatures vanquished.

Notes
Turn   | Place    | Note
-------+----------+-------------------------------------------
     0 | D:1      | Laukis the Draconian Transmuter began the quest for the
                  | Orb.
     0 | D:1      | Reached XP level 1. HP: 16/16 MP: 3/3
   251 | D:1      | Reached XP level 2. HP: 16/23 MP: 5/5
   858 | D:2      | Reached XP level 3. HP: 24/28 MP: 4/6
  1249 | D:2      | Reached XP level 4. HP: 22/35 MP: 8/8
  1524 | D:2      | Found a faded altar of an unknown god.
  2472 | D:4      | Reached skill level 4 in Unarmed Combat
  2486 | D:4      | Slain by a scorpion

Levels and vault maps discovered:
D:1:      saegor_arrival_simple_d, layout_loops_ring
D:2:      minmay_wonky_spiral, layout_rooms, chequers_ecumenical_altar_simple,
          st_stairs_9, minmay_misc_feat_ornament, minmay_pentomino_p2
D:3:      layout_rooms, first_ration
D:4:      layout_basic, doesnt_xom_only_xom, serial_shops, shop,
          lightli_ossuary_entry_decrepit_ruins, uniq_natasha, uniq_blork_the_orc

Skill      XL: |  1  2  3  4 |
---------------+-------------+-----
Transmutations | 3 |  3.3
Spellcasting   | 3 |  3.2
Unarmed Combat | 4 |  4.0
Fighting       | |  1.1
Dodging        | |  1.7

Action                   |  1- 3 |  4- 6 || total
-------------------------+-------+-------++-------
Melee: Unarmed           |   107 |   110 ||   217
       Tailslap          |    12 |     8 ||    20
       Kick              |     1 |     2 ||     3
       Headbutt          |     3 |     4 ||     7
       Punch             |       |     2 ||     2
 Cast: Beastly Appendage |     6 |     7 ||    13
 Stab: Sleeping          |     1 |     1 ||     2
  Eat: Chunk             |     1 |     4 ||     5
Armor: Skin              |    44 |    38 ||    82
Dodge: Dodged            |   101 |    66 ||   167

Table legend:
 A = Non-vault XP
 B = Vault XP
 C = Vault XP percentage of total XP
 D = Non-vault monster count
 E = Vault monster count
 F = Vault count percentage of total count
                 A         B        C        D         E       F
            +---------+---------+-------+---------+---------+-------
      Total |     171 |      19 |  10.0 |      56 |       5 |   8.2
            +---------+---------+-------+---------+---------+-------
        D:1 |      28 |       0 |   0.0 |      15 |       0 |   0.0
        D:2 |      85 |      19 |  18.3 |      20 |       5 |  20.0
        D:3 |      33 |       0 |   0.0 |      18 |       0 |   0.0
        D:4 |      25 |       0 |   0.0 |       3 |       0 |   0.0
            +---------+---------+-------+---------+---------+-------
